 Dungeon Crawl Stone Soup version 0.29-a0-330-g52719c12eb (webtiles) character file.

Game seed: 18166202187988325649

49 Anon1729 the Chopper (level 3, -4/33 HPs)
             Began as a Minotaur Monk on May 28, 2022.
             Was a Priest of the Shining One.
             Slain by a gnoll
             ... wielding a +0 halberd
              (12 damage)
             ... on level 2 of the Dungeon.
             The game lasted 00:01:00 (1123 turns).

Anon1729 the Chopper (Minotaur Monk)                Turns: 1123, Time: 00:01:01

Health: -4/33      AC:  2    Str: 17    XL:     3   Next: 53%
Magic:  3/3        EV: 12    Int:  7    God:    the Shining One [***...]
Gold:   55         SH:  0    Dex: 12    Spells: 2/2 levels left

rFire   . . .      SeeInvis .   a - +0 hand axe
rCold   . . .      Faith    .   (no shield)
rNeg    + . .      Spirit   .   b - +0 robe
rPois   .          Reflect  .   (helmet restricted)
rElec   .          Harm     .   (no cloak)
rCorr   .          Rampage  .   (no gloves)
Will    .....                   (no boots)
Stlth   +.........              (no amulet)
HPRegen 0.11/turn               (no ring)
MPRegen 0.08/turn               (no ring)

@: confused, divinely shielded, ambrosia-drunk, glowing
A: horns 2, retaliatory headbutt
a: Renounce Religion, Divine Shield, Cleansing Flame


You were on level 2 of the Dungeon.
You worshipped the Shining One.
The Shining One was most pleased with you.
You visited 1 branch of the dungeon, and saw 2 of its levels.

You collected 55 gold pieces.

Inventory:

Hand Weapons
 a - a +0 hand axe (weapon)
Armour
 b - a +0 robe (worn)
Magical Staves
 g - a staff of cold
 i - a staff of fire
Scrolls
 e - a scroll of summoning {unknown}
 f - a scroll of enchant armour {unknown}
 h - a scroll of noise {unknown}
Potions
 d - a potion of degeneration {unknown}
 j - a potion of mutation {unknown}


   Skills:
 + Level 4.1 Fighting
 + Level 4.1 Axes
 + Level 1.4 Armour
 - Level 3.3 Dodging
 - Level 1.6 Stealth
 * Level 1.8 Invocations


You had 2 spell levels left.
You didn't know any spells.
Your spell library was empty.

Dungeon Overview and Level Annotations

Branches:
Dungeon (2/15)

Altars:
Fedhas
The Shining One


Innate Abilities, Weirdness & Mutations

You have a pair of horns on your head.
You reflexively headbutt those who attack you in melee.


Message History

Found a scroll labelled HACUMEQE MOAW and a golden potion.
Found a blossoming altar of Fedhas.
An endoplasm comes into view.
The endoplasm quivers.
You hit the endoplasm.
You kill the endoplasm!
You hit the plant.
The plant begins to die.
The quokka barely misses you. The quokka closely misses you.
You hit the quokka but do no damage. Your headbutt misses the quokka.
The gnoll hits you from afar with a +0 halberd.
The quokka bites you.
You slash the quokka!
You kill the quokka!
The gnoll hits you from afar with a +0 halberd.
A nearby plant withers and dies.
An endoplasm comes into view.
The endoplasm quivers.
You hit the gnoll.
You headbutt the gnoll, but do no damage.
The gnoll is moderately wounded.
You hit the endoplasm. The gnoll barely misses you.
The endoplasm completely misses you.
A bat comes into view.
You hit the endoplasm but do no damage.
The endoplasm is heavily wounded.
You hit the gnoll. The gnoll hits you with a +0 halberd!
The endoplasm hits you.
The endoplasm hits you but does no damage.
The gnoll barely misses you.
You are too injured to fight recklessly!
A divine shield forms around you!
The endoplasm jiggles.
You block the gnoll's attack. The gnoll hits you with a +0 halberd!
* * * LOW HITPOINT WARNING * * *
The endoplasm hits you.
* * * LOW HITPOINT WARNING * * *
You are confused.
You feel invigorated. The gnoll closely misses you.
The gnoll hits you with a +0 halberd!
You die... ##... .♣♣.♣♣...# #.#.#.#.
P.P

♣..P..P...#
#.#...## ♣♣
♣.P.♣♣..#
#.###.#
♣.P..P.♣♣..#
#.# #.##
♣.♣P..♣♣♣♣PP.#
#.# #†#.
♣.....♣♣P.....#
#.# #.'.
§PP.♣♣†...P♣♣♣#
#.# ###.
♣P.g.....♣ ##
♣P.§§♣@.♣♣♣♣
♣....Jg♣♣
♣P..#..Jb
.P......♣P
♣.#...#♣...
♣..... . ♣♣
P..!_? P P.....
..


You could see 2 gnolls, 2 endoplasms and a bat.

Vanquished Creatures
  An adder (D:2)
  A gnoll (D:1)
  A dart slug (D:2)
  4 ball pythons
  5 endoplasms
  2 giant cockroaches (D:1)
  2 goblins (D:1)
  A hobgoblin (D:1)
  A quokka (D:2)
  3 bats (D:1)
  2 kobolds (D:1)
  3 rats (D:1)
26 creatures vanquished.

Vanquished Creatures (others)
  30 plants (D:2)
30 creatures vanquished.

Grand Total: 56 creatures vanquished

Notes
Turn   | Place    | Note
-------+----------+-------------------------------------------
     0 | D:1      | Anon1729 the Minotaur Monk began the quest for the Orb.
     0 | D:1      | Reached XP level 1. HP: 19/19 MP: 0/0
    34 | D:1      | Found a faded altar of an unknown god.
    59 | D:1      | Prayed at the altar of an unknown god.
    59 | D:1      | Became a worshipper of the Shining One
    59 | D:1      | Reached * piety under the Shining One
    59 | D:1      | Reached ** piety under the Shining One
   216 | D:1      | Reached XP level 2. HP: 27/27 MP: 1/1
   385 | D:1      | Reached *** piety under the Shining One
   392 | D:1      | Reached skill level 1 in Invocations
   564 | D:1      | Reached skill level 1 in Armour
   648 | D:1      | Reached XP level 3. HP: 12/33 MP: 1/3
  1114 | D:2      | Found a blossoming altar of Fedhas.
  1123 | D:2      | Slain by a gnoll

Illustrated notes

Levels and vault maps discovered:
D:1:      dpeg_arrival_tiny_d, layout_loops_cross,
          chequers_ecumenical_altar_simple_redux, minivault_27
D:2:      wad_woods_stonehenge, layout_loops_ring, nrook_uturn, uniq_jessica,
          uniq_natasha, uniq_crazy_yiuf_cottage

Skill      XL: |  1  2 |
---------------+-------+-----
Invocations    | 1 |  1.8
Armour         | 1 |  1.4
Fighting       | 4 |  4.1
Axes           | 4 |  4.1
Dodging        | |  3.3
Stealth        | |  1.6

Action                   || total
-------------------------++-------
Melee: Hand axe          ||    46
       Headbutt          ||     8
Invok: Divine Shield     ||     1
  Use: Potion            ||     1
 Stab: Sleeping          ||     1
Armor: Robe              ||     9
Dodge: Dodged            ||    33
Block: Other             ||     1

Table legend: (Time is in decaauts)
 A = Elapsed time spent in this place.
 B = Non-inter-level travel time spent in this place.
 C = Inter-level travel time spent in this place.
 D = Time resting spent in this place.
 E = Time spent auto-exploring this place.
 F = Levels seen in this place.
 G = Mean time per level.
                   A        B        C        D        E       F      G
               +--------+--------+--------+--------+--------+-----+--------+
         Total |   1127 |   1095 |     32 |     25 |    912 |   2 |  563.5 |
       Dungeon |   1127 |   1095 |     32 |     25 |    912 |   2 |  563.5 |
               +--------+--------+--------+--------+--------+-----+--------+

Top non-repeatable levels by time:
     D:1: 999 daAuts
     D:2: 128 daAuts
